 Dungeon Crawl Stone Soup version 0.15.0-12-gccce430 (webtiles) character file.

23 RobertPalmer the Vexing (level 3, -1/24 HPs)
             Began as a Formicid Enchanter on Aug 31, 2014.
             Slain by an adder (3 damage)
             ... on Level 2 of the Dungeon.
             The game lasted 00:03:52 (1037 turns).

RobertPalmer the Vexing (Formicid Enchanter)        Turns: 1037, Time: 00:03:53

HP  -1/24        AC  3     Str 12      XL: 3   Next: 10%
MP   2/7         EV 11     Int 14      God:
Gold 83          SH  0     Dex 12      Spells:  3 memorised,  0 levels left

rFire  . . .     SeeInvis +     a - +1 dagger
rCold  . . .     Clarity  .     m - +0 leather armour
rNeg   . . .     rCorr    .     (no shield)
rPois  .         rRot     .     (helmet unavailable)
rElec  .         Spirit   .     (no cloak)
SustAb .         Warding  .     (no gloves)
rMut   .         Stasis   +     (no boots)
Gourm  .                        (no amulet)
MR     .....                    (no ring)
                                (no ring)

@: lethally poisoned, very slightly contaminated, not resistant to hostile
enchantments, unstealthy
A: permanent stasis, dig shafts and tunnels, four strong arms, antennae 3
a: Dig, Shaft Self


You were on level 2 of the Dungeon.
You were hungry.

You visited 1 branch of the dungeon, and saw 2 of its levels.

You collected 83 gold pieces.


Innate Abilities, Weirdness & Mutations

Your are under a permanent stasis effect.
You can dig through walls and to a lower floor.
Your four strong arms can wield two-handed weapons with a shield.
You have a pair of large antennae on your head (SInv).


   Skills:
 - Level 1.0 Short Blades
 - Level 1.7 Dodging
 - Level 4.0 Stealth
 + Level 0.5 Shields
 - Level 2.1 Spellcasting
 + Level 4.5 Hexes


You couldn't memorise any spells.
You knew the following spells:

 Your Spells              Type           Power        Failure   Level  Hunger
x - Confuse               Hex            ##......     12%         3    ####...
z - Ensorcelled Hibernat  Hex/Ice        #.....       17%         2    ###....
Z - Corona                Hex            ##.....      3%          1    #......

Inventory:

Hand weapons
 a - a +1 dagger (weapon)
Armour
 b - a +1 robe
 m - a +0 leather armour (worn)
 n - a +2 buckler
Comestibles
 d - a bread ration
 f - 2 beef jerkies
 i - 3 rotting chunks of hobgoblin flesh {@*1}
 p - a royal jelly
 q - a rotting chunk of giant cockroach flesh {@*1}
Scrolls
 e - a scroll of random uselessness {unknown}
 h - a scroll of magic mapping {unknown}
 j - 2 scrolls of remove curse {unknown}
 k - a scroll of teleportation
 o - 2 scrolls of identify {unknown}
Books
 c - a book of Maledictions

Dungeon Overview and Level Annotations

Branches:
Dungeon (2/15)

Altars:

##########
#.......S..
#.###########
#.##........#
#.##.######.#
{ ##.##.#
#.####
#.....#
#.S@<#
#######
######


You could see an adder.


Message History

The adder bites you.
* * * LOW HITPOINT WARNING * * *
You hit the adder.
The adder is moderately wounded.
The adder bites you but does no damage.
You closely miss the adder.
The adder is moderately wounded.
The adder misses you.
You hit the adder.
The adder is severely wounded.
You feel sick. The adder misses you. The adder bites you.
* * * LOW HITPOINT WARNING * * *
You are lethally poisoned!
The adder poisons you!
You barely miss the adder.
The adder is severely wounded.
The adder barely misses you.
You barely miss the adder.
The adder is severely wounded.
* * * LOW HITPOINT WARNING * * *
You feel sick. The adder barely misses you.
You hit the adder.
The adder is almost dead.
* * * LOW HITPOINT WARNING * * *
You feel sick. The adder closely misses you. The adder bites you.
* * * LOW HITPOINT WARNING * * *
You miss the adder.
The adder is almost dead.
The adder bites you.
You die...

Action                   || total
-------------------------++-------
Melee: Dagger            ||   125
 Cast: Corona            ||     6
       Confuse           ||     1
  Use: Scroll            ||     1
       Potion            ||     1
 Stab: Sleeping          ||     1

Vault maps used:
D:1:      lightli_arrival_quake
D:2:      kennysheep_the_goblin_king, okawaru_ov_weapons_minmay,
          nemelex_lonely_heart_becter

Notes
Turn   | Place    | Note
--------------------------------------------------------------
     0 | D:1      | RobertPalmer, the Formicid Enchanter, began the quest for the Orb.
     0 | D:1      | Reached XP level 1. HP: 13/13 MP: 3/3
   124 | D:1      | Reached skill level 4 in Hexes
   124 | D:1      | Reached XP level 2. HP: 16/19 MP: 5/5
   171 | D:1      | Reached skill level 4 in Stealth
   684 | D:1      | Learned a level 2 spell: Ensorcelled Hibernation
   889 | D:1      | Reached XP level 3. HP: 20/24 MP: 5/7
   895 | D:1      | Learned a level 3 spell: Confuse
  1036 | D:2      | HP: 2/24 [adder (2)]
  1037 | D:2      | Slain by an adder

Vanquished Creatures
  A giant gecko (D:1)
  4 bats (D:1)
  3 giant cockroaches (D:1)
  6 hobgoblins
  2 giant newts
  A goblin (D:1)
  A kobold (D:1)
  4 rats (D:1)
22 creatures vanquished.
